 Dungeon Crawl Stone Soup version 0.19.0-24-gb05acd6 (webtiles) character file.

88 Mysteryquy the Skirmisher (level 4, 0/35 HPs)
             Began as a Demonspawn Fighter on Nov 22, 2016.
             Slain by Sigmund
             ... wielding a +0 scythe
              (3 damage)
             ... on level 3 of the Dungeon.
             The game lasted 00:03:13 (1458 turns).

Mysteryquy the Skirmisher (Demonspawn Fighter)      Turns: 1458, Time: 00:03:15

Health: 0/35       AC: 11    Str: 18    XL:     4   Next: 30%
Magic:  4/4        EV:  2    Int:  9    God:
Gold:   67         SH:  0    Dex: 12    Spells: 0 memorised, 3 levels left

rFire  . . .     SeeInvis .     a - +0 long sword
rCold  . . .     Gourm    .     e - +0 plate armour
rNeg   . . .     Faith    .     c - +0 shield
rPois  .         Spirit   .     (helmet restricted)
rElec  .         Reflect  .     (no cloak)
rCorr  .         Harm     .     r - +0 pair of gloves {archery}
MR     .....                    (no boots)
Stlth  ..........               (no amulet)
                                (no ring)
                                k - ring of wizardry

@: confused, very heavily drained
A: horns 1
a: no special abilities


You were on level 3 of the Dungeon.
You were not hungry.

You visited 1 branch of the dungeon, and saw 3 of its levels.

You collected 67 gold pieces.

Inventory:

Hand Weapons
 a - a +0 long sword (weapon)
Missiles
 l - 2 throwing nets (quivered)
Armour
 b - a +0 scale mail
 c - a +0 shield (worn)
 e - a +0 plate armour (worn)
 r - a +0 pair of gloves of archery (worn)
Jewellery
 k - a ring of wizardry (left hand)
 p - an uncursed ring of ice {unknown}
Scrolls
 g - a scroll of blinking {unknown}
 i - 2 scrolls of remove curse {unknown}
 j - a scroll of magic mapping {unknown}
 m - a scroll of identify {unknown}
 s - a scroll of recharging {unknown}
Potions
 d - 2 potions of might
 h - a potion of flight {unknown}
 o - a potion of magic {unknown}
 q - a potion of cure mutation {unknown}
 t - a potion of resistance {unknown}
 u - a potion of brilliance {unknown}
Comestibles
 f - 3 bread rations
 n - a meat ration


   Skills:
 + Level 3.4(0.0) Fighting
 + Level 2.9(0.0) Long Blades
 + Level 3.2(0.0) Armour
 + Level 3.2(0.0) Shields


You had 3 spell levels left.
You didn't know any spells.

Dungeon Overview and Level Annotations

Branches:
Dungeon (3/15)

Altars:

Annotations:
D:3 Sigmund


Innate Abilities, Weirdness & Mutations

You have a pair of small horns on your head.


Message History

Sigmund is heavily wounded.
Sigmund hits you but does no damage.
Your shield prevents you from hitting Sigmund.
You headbutt Sigmund, but do no damage.
Sigmund is heavily wounded.
Sigmund hits you but does no damage.
You closely miss Sigmund.
Sigmund is heavily wounded.
You block Sigmund's attack.
You completely miss Sigmund. You headbutt Sigmund.
Sigmund is severely wounded.
Sigmund hits you with a scythe.
* * * LOW HITPOINT WARNING * * *
Your shield prevents you from hitting Sigmund.
You headbutt Sigmund, but do no damage.
Sigmund is severely wounded.
Sigmund casts a spell at you.
You are confused.
Sigmund hits you with a scythe.
You die...

#....## ##.# #.#####.
#.###.###.####.#####.
#.####.#.##.......##.
#....#...†..##.......
####.##.######.##....
#.#### #....... #.#
#....... #.# #####.......
#@# ....##(......
####.#@##.....#####...#
............@..# ##.##
###.#.#.##.....# #.#
#.#.#.# ....# #.# ..
##.#.#.# ##### ##.## ...
#......# #...# ###)..# ...
##..#.### #...# #.....# ...
####.......####...###.#...#


You could see Sigmund.

Vanquished Creatures
  Ijyb (D:2)
  An adder (D:2)
  3 dart slugs (D:1)
  7 bats
  2 giant cockroaches (D:1)
  3 goblins
  7 hobgoblins
  3 jackals (D:1)
  2 quokkas
  A frilled lizard (D:3)
  9 kobolds
  6 rats
45 creatures vanquished.

Notes
Turn   | Place    | Note
-------+----------+-------------------------------------------
     0 | D:1      | Mysteryquy the Demonspawn Fighter began the quest for the Orb.
     0 | D:1      | Reached XP level 1. HP: 18/18 MP: 1/1
   119 | D:1      | Gained mutation: You have a pair of small horns on your head. [demonic ancestry]
   119 | D:1      | Reached XP level 2. HP: 24/24 MP: 2/2
   417 | D:1      | Reached XP level 3. HP: 28/29 MP: 3/3
   637 | D:2      | Noticed Ijyb
   664 | D:2      | Killed Ijyb
   877 | D:2      | Reached XP level 4. HP: 34/35 MP: 4/4
  1439 | D:3      | Noticed Sigmund
  1458 | D:3      | Slain by Sigmund

Skill      XL: |  1  2  3 |
---------------+----------+-----
Long Blades    | 2 |  2.9
Shields        | 3 |  3.2
Armour         | 3 |  3.2
Fighting       | |  3.4

Action                   |  1- 3 |  4- 6 || total
-------------------------+-------+-------++-------
Melee: Long sword        |   114 |    45 ||   159
       Headbutt          |    15 |    11 ||    26
  Eat: Chunk             |       |     2 ||     2
Armor: Plate armour      |   100 |    29 ||   129
       Scale mail        |     3 |       ||     3
Dodge: Dodged            |    15 |     3 ||    18
Block: Shield            |    60 |    18 ||    78
       Rpst.: Long sword |     4 |     1 ||     5
